 Dungeon Crawl Stone Soup version 0.29.1-12-g30fa7ad0bf (webtiles) character file.

Game seed: 14263101103744310605

244130 mortz the Warrior (level 19, -3/117 HPs)
             Began as a Gargoyle Earth Elementalist on Dec 26, 2022.
             Was the Champion of Hepliaklqana.
             Slain by a +2 glaive of distortion (5 damage)
             ... on level 2 of the Elven Halls on Dec 29, 2022.
             The game lasted 05:52:47 (49210 turns).

mortz the Warrior (Gargoyle Earth Elementalist)    Turns: 49210, Time: 05:52:48

Health: -3/117     AC: 56    Str: 14    XL:     19   Next: 44%
Magic:  38/38      EV:  2    Int: 25    God:    Hepliaklqana [******]
Gold:   1529       SH:  5    Dex: 13    Spells: 7/49 levels left

rFire   + . .      SeeInvis +   b - +7 Throatcutter {drain, coup de grace}
rCold   + . .      Faith    .   (no shield)
rNeg    + . .      Spirit   .   h - +8 orange crystal plate armour {Archmagi, Int+3 Clar}
rPois   ∞          Reflect  +   F - +0 helmet
rElec   +          Harm     .   X - scarf {rC+ rF+}
rCorr   .          Rampage  .   B - +2 pair of gloves {Dex+3}
Will    +....      Archmagi +   w - +2 pair of boots
Stlth   .......... Clarity  +   D - amulet of reflection
HPRegen 0.29/turn               y - ring of see invisible
MPRegen 0.26/turn               E - +4 ring of protection

@: flying, studying Shields
A: reduced essence, sickness immunity, AC +14, big wings, negative energy
resistance 1, electricity resistance, torment resistance 1, petrification
resistance
}: 2/15 runes: decaying, gossamer
a: Renounce Religion, Recall Ancestor, Ancestor Identity, Transference, Idealise


You were on level 2 of the Elven Halls.
You worshipped Hepliaklqana.
Hepliaklqana was exalted by your worship.
You visited 7 branches of the dungeon, and saw 33 of its levels.
You also visited: Sewer.

You collected 4957 gold pieces.
You spent 3428 gold pieces at shops.

Inventory:

Hand Weapons
 a - a +5 arbalest of venom
 b - the +7 Throatcutter (weapon) {drain, coup de grace}
   (You found it on level 5 of the Dungeon)

   A truly terrible weapon, it drains the life of any living foe it strikes.
   It may instantly kill foes which have little health.
Missiles
 d - 6 throwing nets
 M - 18 boomerangs of dispersal
 S - 11 javelins
Armour
 h - the +8 orange crystal plate armour (worn) {Archmagi, Int+3 Clar}
   (You bought it in a shop on level 1 of the Orcish Mines)

   Int:       It affects your intelligence (+3).
   Clar:      It protects you against confusion.
 w - a +2 pair of boots (worn)
 B - a +2 pair of gloves of dexterity (worn)
 F - a +0 helmet (worn)
 V - a +1 troll leather armour
 X - a scarf of resistance (worn)
Magical Staves
 c - a staff of conjuration
Jewellery
 j - a +6 ring of intelligence
 u - a ring of ice
 y - a ring of see invisible (left hand)
 A - a ring of resist corrosion
 C - a ring of protection from cold
 D - an amulet of reflection (around neck)
 E - a +4 ring of protection (right hand)
 G - a +4 ring of protection
 W - a +6 ring of strength
Wands
 e - a wand of roots (53)
 p - a wand of light (6)
 v - a wand of polymorph (14)
 z - a wand of paralysis (34)
 H - a wand of flame (55)
 T - a wand of mindburst (29)
Scrolls
 k - 10 scrolls of teleportation
 l - 6 scrolls of blinking
 q - 9 scrolls of vulnerability
 r - 2 scrolls of fear
 x - 3 scrolls of poison
 I - a scroll of butterflies
 J - 8 scrolls of immolation
 P - 6 scrolls of amnesia
 Q - 2 scrolls of brand weapon
 R - 2 scrolls of torment
Potions
 f - 6 potions of magic
 g - 7 potions of cancellation
 i - 4 potions of haste
 m - 3 potions of attraction
 n - 7 potions of might
 s - 13 potions of ambrosia
 t - 2 potions of invisibility
 K - 4 potions of mutation
 L - 4 potions of lignification
 N - 13 potions of curing
 O - 6 potions of brilliance
 U - 4 potions of resistance
 Y - a potion of berserk rage
Miscellaneous
 o - a tin of tremorstones (2/2)
 Z - a phantom mirror


   Skills:
 + Level 18.3 Fighting
 - Level 6.7 Long Blades
 - Level 8.4 Ranged Weapons
 - Level 3.8 Throwing
 * Level 11.5 Armour
 - Level 1.5 Dodging
 - Level 2.1 Stealth
 + Level 15.8 Spellcasting
 - Level 9.3 Conjurations
 - Level 3.0 Summonings
 - Level 9.2 Transmutations
 - Level 4.2 Air Magic
 - Level 14.2 Earth Magic
 - Level 5.1 Poison Magic
 - Level 7.2 Invocations
 - Level 0.8 Evocations


You had 7 spell levels left.
You knew the following spells:

 Your Spells              Type           Power      Damage    Failure   Level
a - Sandblast             Erth           100%       2d20      3%          1
b - Petrify               Tmut/Erth      87%        N/A       65%         4
c - Call Canine Familiar  Summ           51%        N/A       100%        3
i - Iron Shot             Conj/Erth      43%        9d8       100%        6
m - Mephitic Cloud        Conj/Pois/Air  66%        N/A       94%         3
p - Passwall              Tmut/Erth      72%        N/A       13%         2
s - Stone Arrow           Conj/Erth      100%       3d13      26%         3
B - Blink                 Tloc           58%        N/A       100%        2
I - Iskenderun's Battles  Conj           79%        2d13      100%        5
L - Lee's Rapid Deconstr  Erth           47%        3d23*     65%         5
X - Lehudib's Crystal Sp  Conj/Erth      43%        10d11     100%        8

Your spell library contained the following spells:

 Spells                   Type           Power      Damage    Failure   Level
 Magic Dart               Conj           100%       1d8       24%         1
 Searing Ray              Conj           100%       2d8       34%         2
 Static Discharge         Conj/Air       69%        3-12/arc  69%         2
 Summon Small Mammal      Summ           100%       N/A       97%         1
 Animate Armour           Summ/Erth      100%       N/A       97%         4
 Call Imp                 Summ           51%        N/A       99%         2
 Ignite Poison            Fire/Tmut/Pois 60%        N/A       99%         3
 Leda's Liquefaction      Hex/Erth       35%        N/A       99%         4
 Slow                     Hex            100%       N/A       100%        1
 Confusing Touch          Hex            29%        N/A       100%        3
 Lesser Beckoning         Tloc           29%        N/A       100%        3
 Ozocubu's Armour         Ice            29%        N/A       100%        3
 Summon Guardian Golem    Hex/Summ       40%        N/A       100%        3
 Vampiric Draining        Necr           29%        2d8       100%        3
 Summon Ice Beast         Ice/Summ       40%        N/A       100%        4
 Blade Hands              Tmut           39%        N/A       100%        5
 Freezing Cloud           Conj/Ice/Air   29%        6-21      100%        5
 Lightning Bolt           Conj/Air       34%        1d52      100%        5
 Manifold Assault         Tloc           29%        N/A       100%        5
 Metabolic Englaciation   Hex/Ice        14%        N/A       100%        5
 Summon Forest            Summ/Tloc      20%        N/A       100%        5
 Summon Mana Viper        Hex/Summ       40%        N/A       100%        5
 Conjure Ball Lightning   Conj/Air       34%        3x3d11    100%        6
 Simulacrum               Ice/Necr       14%        N/A       100%        6
 Summon Cactus Giant      Summ           25%        N/A       100%        6
 Monstrous Menagerie      Summ           25%        N/A       100%        7
 Ozocubu's Refrigeration  Ice            14%        4d10      100%        7
 Spellforged Servitor     Conj/Summ      33%        N/A       100%        7
 Maxwell's Capacitive Co  Air            28%        ∞         100%        8
 Death's Door             Necr           14%        N/A       100%        9
 Statue Form              Tmut/Erth      Unusable   N/A       N/A         6

Dungeon Overview and Level Annotations

Branches:
Dungeon (15/15) Zot: 24653  Temple (1/1) D:4 Zot: 5970    Lair (5/5) D:8 Zot: 17948
  Swamp (4/4) Lair:3 Zot: 19409  Spider (4/4) Lair:2 Zot: 16818   Slime (0/5) Lair:5
    Orc (2/2) D:9 Zot: 8386     Elf (2/3) Orc:2 Zot: 10952  Vaults (0/5) D:13
 Depths (0/4) D:15          Sewer (visited)

Altars:
Ashenzari
Cheibriados
Dithmenos
Elyvilon
Fedhas
Gozag
Hepliaklqana
Kikubaaqudgha
Makhleb
Nemelex Xobeh
Okawaru
Qazlal
Ru
Sif Muna
Trog
Uskayaw
Vehumet
Wu Jian
Xom
Yredelemnul
Zin
The Shining One
Jiyva

Shops:
D:14 :   Orc:1 [!   Orc:2 *![*

Portals:
Trove: D:12 (give +3 shadow dragon scales)

Annotations:
Lair:3 2 transporters, croobank's ghost, journeyman DsCj
Lair:4 2 transporters, DemonSlayer's ghost, journeyman DsEE
Lair:5 exclusion: obsidian statue
Swamp:3 2 transporters, trench's ghost, journeyman GnFi


Innate Abilities, Weirdness & Mutations

Your life essence is reduced to manifest your ancestor. (-10% HP)
You are immune to sickness and miasma.
Your stone body is resilient. (AC +14)
You are immune to poison.
Your large and strong wings let you fly.
You resist negative energy. (rN+)
You are resistant to electric shocks. (rElec)
You are resistant to unholy torment.
You are immune to petrification.


Message History

The air elemental fires a burst of electricity at you.
Your +5 arbalest of venom stops dripping with poison.
You sense an unholy aura.
b - the +7 Throatcutter (weapon)
{drain, coup de grace} You slash the air elemental!
Mortz is no longer paralysed.
The air elemental hits you.
The +2 glaive of distortion hits you from afar!
Space warps horribly around you!!
The air elemental fires a burst of electricity at you.
The stunning burst hits you. You resist.
You suddenly lose the ability to move!
Mortz hits the air elemental with a +0 broad axe of flaming!
Mortz burns the air elemental!
Mortz barely misses the +2 glaive of distortion.
You can move again.
You closely miss the air elemental. Your punch misses the air elemental.
The air elemental is almost destroyed.
The air elemental fires a burst of electricity at you.
You shrug off the repeated paralysis!
The +2 glaive of distortion barely misses you.
Mortz hits the air elemental with a +0 broad axe of flaming.
Mortz burns the air elemental.
The air elemental is destroyed!
Mortz hits the +2 glaive of distortion but does no damage.
The +2 glaive of distortion hits you from afar!
Space warps horribly around you!!
You are too injured to fight recklessly!
Mortz mumbles some strange words.
Mortz seems to speed up.
Space warps horribly around you!!
* * * LOW HITPOINT WARNING * * *
You feel better.
Mortz closely misses the +2 glaive of distortion.
The +2 glaive of distortion hits you!
* * * LOW HITPOINT WARNING * * *
Space warps horribly around you!
* * * LOW HITPOINT WARNING * * *
Mortz misses the +2 glaive of distortion.
Space warps around you.
You die...

####
#+##.#.
##....##
###......#
#...[....#
.........#
#..<....(#
##...?R.#
###..@.#
###..#
####


You could see the friendly mortz the knight (fast, reflecting) and a +2 glaive
of distortion (ally target).

Vanquished Creatures
  Arachne (Spider:2)
  Kirke (D:12)
  3 azure jellies
  A fenstrider witch (Swamp:3)
  2 emperor scorpions (Spider:4)
  3 ghost moths
  3 entropy weavers
  2 bunyips
  2 eleionomae
  A dire elephant (Lair:5)
  3 spark wasps
  The ghost of croobank the Covert, a journeyman OpSu of Gozag (D:12)
  Fannar (D:11)
  2 ice dragons (Swamp:4)
  6 hydras
  2 ogre magi
  3 boulder beetles
  A radroach (Spider:2)
  A ghost crab (Swamp:4)
  8 two-headed ogres
  2 jorogumos
  4 centaur warriors
  2 catoblepae (Lair:4)
  3 dancing weapons
  7 death yaks
  Urug (Lair:2)
  A death scarab (Spider:3)
  2 orc high priests
  6 alligators
  Sonja (D:12)
  A sun moth (Spider:3)
  4 pharaoh ants
  A spectral death yak (Lair:5)
  2 skeletal warriors
  A goliath frog (Swamp:1)
  5 spriggan druids
  2 swamp dragons
  4 orb spiders
  2 steelbarb worms
  2 necromancers (Lair:5)
  A bog body (Lair:3)
  6 orc knights
  5 deep elf pyromancers
  A mana viper (shapeshifter) (D:11)
  7 deep elf zephyrmancers
  An orc sorcerer (Orc:2)
  3 ugly things
  A manticore (D:11)
  A will-o-the-wisp (Swamp:4)
  7 wolf spiders
  An oklob plant (Lair:5)
  4 cyclopes
  4 moths of wrath
  16 elephants
  A torpor snail (Lair:2)
  3 black mambas
  An ice statue (D:14)
  A naga mage (D:15)
  A dire elephant skeleton (Lair:5)
  9 cane toads
  6 komodo dragons
  2 demonic crawlers (Spider:1)
  4 freezing wraiths
  6 kobold demonologists
  3 rime drakes
  2 centaur skeletons
  A tengu conjurer (D:14)
  A meliai (Spider:4)
  A queen bee (Spider:3)
  A meliai (shapeshifter) (Elf:1)
  2 trolls
  4 polar bears
  2 tyrant leeches
  11 tarantellas
  Grinder (D:6)
  10 hornets
  11 slime creatures
  11 blink frogs
  A vampire (D:11)
  7 culicivoras
  18 jumping spiders
  33 yaks
  2 wyverns
  2 shadows
  A fire elemental (Elf:1)
  9 spriggans
  A hog (D:12)
  8 redbacks
  Eustachio (D:6)
  3 steam dragons (D:7)
  6 vampire mosquitoes
  9 swamp worms
  A spectral cane toad (Lair:5)
  4 basilisks
  2 swamp worm simulacra (Swamp:4)
  10 water moccasins
  2 acid dragons
  7 hydra simulacra (Swamp:4)
  Pargi (Sewer)
  9 orc warriors
  A sky beast (D:7)
  2 elephant zombies (Lair:5)
  A black bear (D:5)
  4 ice beasts (D:14)
  21 wolves
  4 ogres
  26 centaurs
  3 lemures (D:6)
  An elephant skeleton (Lair:5)
  2 phantoms
  8 kobold brigands
  2 gnoll sergeants (D:6)
  6 bullfrogs
  3 necrophages
  3 scorpions
  4 wights
  15 killer bees
  An electric eel (D:6)
  A howler monkey (D:6)
  4 crimson imps (D:8)
  10 hounds
  6 orc priests
  5 jellies
  Crazy Yiuf (D:2)
  2 gnoll boudas (D:6)
  An iguana (D:4)
  10 orc wizards
  A boggart skeleton (D:13)
  18 gnolls
  14 adders
  A shadow imp (D:5)
  3 white imps
  2 ufetubi
  3 swamp drake simulacra (Swamp:4)
  4 worms
  3 dart slugs
  36 orcs
  10 ball pythons
  9 endoplasms
  7 giant cockroaches
  4 goblins
  13 hobgoblins
  6 jackals
  19 kobolds
  12 quokkas
  5 bats
  2 frilled lizards
  13 rats
  A briar patch (Swamp:4)
723 creatures vanquished.

Vanquished Creatures (collateral kills)
  A thorn hunter (Swamp:4)
  2 emperor scorpions
  3 ghost moths
  2 broodmothers (Spider:4)
  2 bunyips (Swamp:4)
  A deep elf annihilator (Elf:1)
  2 spark wasps (Lair:2)
  2 shambling mangroves
  5 hydras
  A boulder beetle (D:12)
  Harold (Lair:2)
  2 ghost crabs
  2 radroaches
  2 jorogumos (Spider:4)
  An ogre mage (D:11)
  7 centaur warriors
  A dancing weapon (Elf:1)
  3 two-headed ogres
  6 alligators
  2 death yaks (Lair:5)
  3 tengu warriors
  3 spriggan berserkers
  A deep elf knight (Elf:1)
  Amaemon (D:11)
  5 goliath frogs
  4 steelbarb worms
  4 skeletal warriors (D:15)
  A spectral anaconda (Lair:5)
  7 pharaoh ants
  5 orb spiders
  2 spriggan druids
  2 wizards (D:15)
  Pikel (D:6)
  2 swamp dragons
  A deep elf archer (D:13)
  2 orc knights
  7 deep elf pyromancers
  3 ugly things (D:14)
  3 cyclopes
  3 deep elf zephyrmancers
  An orc sorcerer (Elf:1)
  14 wolf spiders
  2 manticores
  2 necromancers
  An oklob plant (Lair:5)
  4 will-o-the-wisps
  2 moths of wrath
  8 elephants
  A centaur zombie (D:15)
  3 centaur skeletons
  2 gargoyles
  An orange demon (D:11)
  3 cane toads
  2 torpor snails (Spider:4)
  6 demonic crawlers
  A komodo dragon (D:12)
  2 rime drakes
  6 freezing wraiths
  An efreet (D:13)
  4 kobold demonologists
  A troll (D:9)
  2 tyrant leeches (Swamp:1)
  2 meliai (Spider:4)
  11 hornets
  4 polar bears
  16 tarantellas
  6 slime creatures
  3 blink frogs
  An air elemental (Elf:2)
  2 spriggans (Swamp:3)
  16 culicivoras
  12 jumping spiders
  A shadow (D:10)
  2 water elementals (Elf:1)
  21 yaks
  A wraith (D:12)
  2 wyverns
  4 hogs (D:12)
  A yak (shapeshifter) (D:13)
  3 basilisks
  2 death yak simulacra (Lair:5)
  27 redbacks
  7 swamp worms
  2 swamp worm simulacra (Swamp:4)
  5 vampire mosquitoes
  A warg (Orc:1)
  4 hydra simulacra (Swamp:4)
  7 water moccasins
  17 orc warriors
  An ice beast (D:14)
  4 ogres
  12 wolves
  A tengu (D:6)
  18 centaurs
  A lemure (D:6)
  8 kobold brigands
  6 bullfrogs
  An earth elemental (Elf:1)
  A gnoll sergeant (D:6)
  A scorpion (D:7)
  A cane toad simulacrum (Lair:5)
  2 wights (D:7)
  2 howler monkeys
  8 killer bees
  2 electric eels
  2 crimson imps (D:8)
  2 hounds
  4 orc priests
  2 gnoll boudas
  6 orc wizards
  A boggart simulacrum (D:15)
  6 gnolls
  An adder (D:6)
  A shadow imp (D:8)
  3 white imps
  A swamp drake simulacrum (Swamp:4)
  31 orcs
  A jackal (D:6)
  2 kobolds
  2 briar patches (Swamp:4)
491 creatures vanquished.

Vanquished Creatures (others)
  A bunyip (Swamp:4)
  An alligator (Swamp:4)
  A deep elf pyromancer (D:13)
  A bloated husk (Swamp:4)
  2 spriggans (Swamp:4)
  33 knights
  7 ancestors (D:6)
  12 foxfires
  57 fungi
  49 plants
  11 withered plants (Lair:5)
175 creatures vanquished.

Grand Total: 1389 creatures vanquished

Notes
Turn   | Place    | Note
-------+----------+-------------------------------------------
     0 | D:1      | mortz the Gargoyle Earth Elementalist began the quest for
                  | the Orb.
     0 | D:1      | Reached XP level 1. HP: 10/10 MP: 3/3
    93 | D:1      | Found a faded altar of an unknown god.
   153 | D:1      | Reached XP level 2. HP: 14/16 MP: 0/5
   447 | D:1      | Reached skill level 1 in Fighting
   490 | D:1      | Learned a level 2 spell: Passwall
  1101 | D:1      | Reached XP level 3. HP: 20/20 MP: 4/6
  1191 | D:2      | Reached skill level 1 in Transmutations
  1259 | D:2      | Found a glowing golden altar of the Shining One.
  1663 | D:2      | Reached XP level 4. HP: 25/25 MP: 4/7
  1923 | D:2      | Reached skill level 5 in Earth Magic
  2049 | D:2      | Found a runed translucent door.
  2050 | D:2      | Noticed Crazy Yiuf
  2198 | D:2      | Reached skill level 2 in Fighting
  2352 | D:2      | Reached XP level 5. HP: 30/30 MP: 6/9
  2675 | D:2      | Learned a level 3 spell: Stone Arrow
  4034 | D:4      | Reached skill level 1 in Conjurations
  4034 | D:4      | Reached XP level 6. HP: 35/36 MP: 4/10
  4261 | D:4      | Found a glowing drain.
  4274 | Sewer    | Entered a sewer
  4298 | Sewer    | Noticed Pargi
  4305 | Sewer    | Killed Pargi
  4306 | Sewer    | Reached skill level 3 in Fighting
  4803 | D:4      | Found a staircase to the Ecumenical Temple.
  4836 | Temple   | Entered the Ecumenical Temple
  4856 | Temple   | Became a worshipper of Hepliaklqana the Forgotten
  4948 | D:4      | Reached XP level 7. HP: 41/41 MP: 7/12
  5723 | D:5      | Entered Level 5 of the Dungeon
  5728 | D:5      | Found the +7 Throatcutter {drain, coup de grace}
  6078 | D:5      | Reached skill level 4 in Fighting
  6078 | D:5      | Reached skill level 1 in Long Blades
  6078 | D:5      | Reached XP level 8. HP: 26/48 MP: 7/14
  6668 | D:5      | Reached * piety under Hepliaklqana
  6767 | D:6      | Noticed Pikel
  7073 | D:6      | Noticed Maggie
  7077 | D:6      | Noticed Eustachio
  7091 | D:6      | Noticed Maggie
  7091 | D:6      | Maggie changed into Maggie the tengu
  7369 | D:6      | Killed Eustachio
  7370 | D:6      | Reached skill level 5 in Fighting
  7373 | D:6      | Reached skill level 1 in Ranged Weapons
  7373 | D:6      | Reached XP level 9. HP: 47/48 MP: 10/16
  7378 | D:6      | Killed Maggie the tengu
  7693 | D:6      | Reached skill level 5 in Spellcasting
  7894 | D:6      | Noticed Grinder
  7911 | D:6      | Killed Grinder
  7926 | D:6      | Killed Pikel
  7927 | D:6      | Reached skill level 5 in Conjurations
  8050 | D:6      | Reached skill level 6 in Fighting
  8628 | D:6      | Found a burning altar of Makhleb.
  8749 | D:6      | Reached XP level 10. HP: 54/54 MP: 16/18
  8911 | D:6      | Learned a level 4 spell: Petrify
  9451 | D:7      | Reached ** piety under Hepliaklqana
  9452 | D:7      | Remembered your ancestor mortz as a knight
  9499 | D:7      | Reached skill level 7 in Fighting
  9796 | D:8      | Noticed a two-headed ogre
  9808 | D:8      | Killed a two-headed ogre
  9809 | D:8      | Reached skill level 5 in Transmutations
  9859 | D:8      | Found a staircase to the Lair.
 10187 | D:8      | Learned a level 3 spell: Mephitic Cloud
 10287 | D:8      | Reached XP level 11. HP: 58/61 MP: 19/21
 10472 | D:9      | Found a staircase to the Orcish Mines.
 10526 | D:9      | Noticed a two-headed ogre
 10534 | D:9      | Killed a two-headed ogre
 10535 | D:9      | Reached skill level 8 in Fighting
 10535 | D:9      | Reached skill level 1 in Air Magic
 10535 | D:9      | Reached skill level 1 in Poison Magic
 11086 | D:10     | Entered Level 10 of the Dungeon
 11092 | D:10     | Reached skill level 5 in Long Blades
 11353 | D:10     | Reached *** piety under Hepliaklqana
 11459 | D:10     | Reached skill level 5 in Ranged Weapons
 11459 | D:10     | Noticed a two-headed ogre
 11467 | D:10     | Killed a two-headed ogre
 11570 | D:10     | Found a broken altar of Ashenzari.
 11570 | D:10     | Found a snail-covered altar of Cheibriados.
 11570 | D:10     | Found a shimmering blue altar of Sif Muna.
 11570 | D:10     | Found an ancient bone altar of Kikubaaqudgha.
 11581 | D:10     | Found a white marble altar of Elyvilon.
 11581 | D:10     | Found a radiant altar of Vehumet.
 11938 | Lair:1   | Entered Level 1 of the Lair of Beasts
 12087 | Lair:1   | Reached skill level 9 in Fighting
 12849 | Lair:1   | Reached XP level 12. HP: 38/68 MP: 20/24
 13037 | Lair:2   | Noticed a five-headed hydra
 13043 | Lair:1   | Killed a five-headed hydra
 13078 | Lair:2   | Noticed Harold
 13078 | Lair:2   | Noticed Urug
 13078 | Lair:2   | Reached **** piety under Hepliaklqana
 13452 | Lair:2   | Noticed a death yak
 13551 | Lair:1   | Killed a death yak
 13634 | Lair:2   | Killed Urug
 13750 | Lair:2   | Found a hole to the Spider Nest.
 13792 | Lair:2   | Reached skill level 10 in Fighting
 14141 | Lair:2   | Noticed a death yak
 14155 | Lair:2   | Killed a death yak
 14449 | Lair:2   | Found a hole to the Spider Nest.
 14583 | Lair:2   | Killed Harold
 15048 | Lair:3   | Found a transporter.
 15050 | Lair:3   | Noticed a dire elephant
 15051 | Lair:3   | Noticed croobank's ghost (journeyman DsCj)
 15429 | Lair:3   | Reached XP level 13. HP: 74/74 MP: 26/26
 15496 | Lair:3   | Found a staircase to the Swamp.
 15589 | Lair:3   | Found a transporter.
 15634 | Lair:3   | Reached skill level 11 in Fighting
 16184 | Lair:4   | Reached skill level 5 in Poison Magic
 16368 | Lair:4   | Found a transporter.
 16382 | Lair:4   | Reached ***** piety under Hepliaklqana
 16431 | Lair:4   | Reached skill level 1 in Invocations
 16666 | Lair:4   | Reached skill level 10 in Spellcasting
 16846 | Lair:4   | Found a transporter.
 16871 | Lair:4   | Noticed DemonSlayer's ghost (journeyman DsEE)
 17721 | Lair:5   | Entered Level 5 of the Lair of Beasts
 17722 | Lair:5   | Identified the +11 dagger of Qiubuw {holy, rPois rN++ Dex-2
                  | Stlth+}
 17761 | Lair:5   | Reached skill level 12 in Fighting
 18029 | Lair:5   | Found a viscous altar of Jiyva.
 18029 | Lair:5   | Found a staircase to the Slime Pits.
 18103 | Lair:5   | Gained mutation: Your large and strong wings let you fly.
                  | [Gargoyle growth]
 18103 | Lair:5   | Reached XP level 14. HP: 82/82 MP: 16/28
 18480 | Lair:5   | Reached skill level 10 in Earth Magic
 19334 | Lair:5   | Learned a level 3 spell: Call Canine Familiar
 19889 | Lair:5   | Reached skill level 13 in Fighting
 19960 | Lair:5   | Noticed a dire elephant
 19968 | Lair:5   | Killed a dire elephant
 19969 | Lair:5   | Reached skill level 1 in Summonings
 20286 | Lair:5   | Reached skill level 5 in Invocations
 21772 | D:11     | Identified the amulet of the Zebra {Acrobat rPois Int+2}
 21778 | D:11     | Reached XP level 15. HP: 86/90 MP: 29/31
 21795 | D:11     | Identified a scroll of acquirement
 21812 | D:10     | Acquired a book of Armaments
 21823 | D:10     | Learned a level 8 spell: Lehudib's Crystal Spear
 22002 | D:11     | Reached skill level 14 in Fighting
 22009 | D:11     | Noticed Amaemon
 22112 | D:11     | Killed Amaemon
 22488 | D:11     | Noticed Fannar
 22495 | D:11     | Killed Fannar
 22592 | D:11     | Learned a level 5 spell: Iskenderun's Battlesphere
 22652 | D:11     | Acquired a staff of conjuration
 23525 | D:12     | Identified the +0 chain mail of Lugonu's Pride {Rampage
                  | rElec Int+4}
 23583 | D:12     | Noticed Sonja
 23597 | D:12     | Killed Sonja
 23651 | D:12     | Learned a level 5 spell: Lee's Rapid Deconstruction
 23788 | D:12     | Found a runed translucent gate.
 23788 | D:12     | Found a runed translucent gate.
 23788 | D:12     | Found a runed translucent gate.
 23796 | D:12     | Noticed croobank's ghost (journeyman OpSu)
 23806 | D:12     | Noticed Kirke
 24068 | D:12     | Killed Kirke
 24157 | D:12     | Found a portal to a secret trove of treasure.
 24863 | Orc:1    | Entered Level 1 of the Orcish Mines
 25573 | Orc:1    | Found Jeisuah's Distillery.
 25578 | Orc:1    | Found Tuurat's Armour Shop.
 25636 | Orc:1    | Bought the +8 orange crystal plate armour {Archmagi, Int+3
                  | Clar} for 1589 gold pieces
 25636 | Orc:1    | Found the +8 orange crystal plate armour {Archmagi, Int+3
                  | Clar}
 25795 | Orc:2    | Entered Level 2 of the Orcish Mines
 27049 | Orc:2    | Found Haetzod's Armour Shoppe.
 27049 | Orc:2    | Found Ishri's Distillery.
 27049 | Orc:2    | Found Rumaatz's Assorted Antiques.
 27077 | Orc:2    | Found Kovvynn's General Store.
 27084 | Orc:2    | Bought a scroll of enchant armour for 217 gold pieces
 27084 | Orc:2    | Bought a scroll labelled EROJO HA WUIRA for 29 gold pieces
 27084 | Orc:2    | Bought a scroll labelled ANEGODOMMU for 29 gold pieces
 27224 | Orc:2    | Found a staircase to the Elven Halls.
 27250 | Orc:2    | Bought a +4 arbalest of flaming for 391 gold pieces
 27392 | Orc:2    | Reached ****** piety under Hepliaklqana
 28396 | D:13     | Reached skill level 15 in Fighting
 28612 | D:13     | Identified the +3 mace of Luxury {vorpal, Contam Fly rPois
                  | Str+7}
 28637 | D:13     | Reached skill level 1 in Armour
 29214 | D:13     | Reached XP level 16. HP: 60/97 MP: 33/33
 29500 | D:13     | Found a gate to the Vaults.
 30522 | D:14     | Found a sacrificial altar of Ru.
 31237 | D:14     | Found Ubrewoph's Book Shop.
 31243 | D:14     | Bought a book of Spatial Translocations for 260 gold pieces
 31543 | D:15     | Entered Level 15 of the Dungeon
 31723 | D:15     | Found a stormy altar of Qazlal.
 32350 | D:15     | Reached skill level 5 in Armour
 32480 | D:15     | Found a staircase to the Depths.
 32614 | D:14     | Bought Wydo Ming's Reference Book on Rocky Unhallowed Rites
                  | for 460 gold pieces
 32831 | Swamp:1  | Entered Level 1 of the Swamp
 33277 | Swamp:1  | Reached skill level 16 in Fighting
 34632 | Swamp:2  | Reached XP level 17. HP: 93/103 MP: 23/35
 34704 | Swamp:2  | Learned a level 2 spell: Blink
 35341 | Swamp:3  | Reached skill level 1 in Throwing
 35442 | Swamp:3  | Found a transporter.
 35445 | Swamp:3  | Noticed trench's ghost (journeyman GnFi)
 35484 | Swamp:3  | Found a transporter.
 35750 | Swamp:3  | HP: 2/104 [alligator (7)]
 35964 | Swamp:3  | Found a hide-covered altar of Uskayaw.
 36154 | Swamp:4  | Entered Level 4 of the Swamp
 37177 | Swamp:4  | Learned a level 6 spell: Iron Shot
 37888 | Swamp:4  | Reached skill level 17 in Fighting
 37961 | Swamp:4  | Got a decaying rune of Zot
 38322 | D:2      | Killed Crazy Yiuf
 38606 | D:12     | Killed croobank's ghost
 38945 | Spider:1 | Entered Level 1 of the Spider Nest
 39633 | Lair:2   | Reached XP level 18. HP: 111/111 MP: 15/36
 40877 | Spider:1 | Reached skill level 15 in Spellcasting
 42740 | Spider:2 | Noticed Arachne
 42753 | Spider:2 | Killed Arachne
 43453 | Spider:3 | Acquired 1158 gold pieces
 43876 | Orc:1    | Bought a potion of curing for 36 gold pieces
 43876 | Orc:1    | Bought a potion of heal wounds for 60 gold pieces
 43876 | Orc:1    | Bought a potion of heal wounds for 60 gold pieces
 43876 | Orc:1    | Bought a potion of curing for 36 gold pieces
 43876 | Orc:1    | Bought a potion of magic for 96 gold pieces
 43928 | Orc:2    | Bought a potion of magic for 120 gold pieces
 43928 | Orc:2    | Bought a potion of curing for 45 gold pieces
 44108 | Spider:3 | Reached skill level 10 in Armour
 45261 | Spider:4 | Entered Level 4 of the Spider Nest
 45347 | Spider:3 | HP: 5/111 [jumping spider (6)]
 46892 | Spider:4 | Reached XP level 19. HP: 111/117 MP: 38/38
 47038 | Spider:4 | Reached skill level 18 in Fighting
 47747 | Spider:4 | Got a gossamer rune of Zot
 48055 | Elf:1    | Entered Level 1 of the Elven Halls
 48526 | Elf:1    | Got Kies's Disquisition on Hurting
 49206 | Elf:2    | Paralysed by an air elemental for 1 turns
 49209 | Elf:2    | HP: 2/117 [+2 glaive of distortion (14)]
 49210 | Elf:2    | Slain by a +2 glaive of distortion

Illustrated notes

Levels and vault maps discovered:
D:1:      dpeg_arrival_radiant, layout_basic,
          hellmonk_ecumenical_altar_slurped_away,
          nicolae_concentric_dashed_squares_mild
D:2:      minmay_thinvault, layout_basic, basic_altar,
          minmay_misc_feat_nine_boxes, uniq_crazy_yiuf_cottage
D:3:      minmay_razor_zed, layout_loops_ring, serial_glass, glass_columns_a,
          glass_columns_a, minmay_randomly_rotated_circles
D:4:      layout_basic, minmay_temple_entry_slanted,
          cheibrodos_sewer_entry_drain
D:5:      layout_basic
D:6:      layout_cave_pools, lemuel_coloured_pillars_altar, serial_gnoll_camp,
          gnoll_camp_mini_hut, gnoll_camp_mini_house, gnoll_camp_mini_sergeant,
          gnoll_camp_huts_moat, gnoll_camp_mini_hut, minmay_misc_feat_tiny,
          kennysheep_generic_room_16, uniq_maggie, uniq_pikel, uniq_eustachio,
          uniq_grinder
D:7:      layout_gridville, minmay_unpleasant_kobolds
D:8:      layout_rooms, lair_entry_dummy, chequers_serial_rivers_micro_d,
          minmay_nine_imps
D:9:      layout_roguey, orc_0_dummy
D:10:     layout_basic, minmay_overflow_temple_hex
D:11:     layout_basic, kennysheep_small_spiral,
          minmay_the_grid_square_5x5_3x3_mashed
          [minmay_the_grid_square_5x5_inner_z,
          minmay_the_grid_square_5x5_doubleslash,
          minmay_the_grid_square_5x5_beaten_path,
          minmay_the_grid_square_5x5_inverted_slash,
          minmay_the_grid_square_5x5_megaprize_checkered,
          minmay_the_grid_square_5x5_plus, minmay_the_grid_square_5x5_n_small,
          minmay_the_grid_square_5x5_broken_cross,
          minmay_the_grid_square_5x5_corner], uniq_fannar, uniq_amaemon
D:12:     layout_stronghold, nicolae_trove_entry_free_sample,
          gammafunk_ghost_nasty_kobolds, uniq_sonja, uniq_kirke
D:13:     layout_cave_pools, hangedman_vaults_entry_quadrant_bands
D:14:     layout_layer_cave, serial_shops, shop,
          nicolae_ru_the_path_less_chosen, ice2_lemuel
D:15:     grunt_enter_depths_magical_seal, layout_cave_pools,
          grunt_qazlal_clouds
Temple:   hellmonk_temple_two_chambers
Lair:1:   layout_small_grid
Lair:2:   layout_cave_pods, spider_nest_entry_a, uniq_harold, uniq_urug
Lair:3:   layout_roguey, skrybe_swamp_entry_bodies, gammafunk_ghost_arena,
          st_stairs_10
Lair:4:   layout_regular_city, gammafunk_ghost_berserking_beasts, minivault_24,
          grunt_forest_large_clearings
Lair:5:   due_jungle_book, layout_long_grid, minmay_slime_entry_oklob_open,
          patterned_corridor
Swamp:1:  layout_falls_marsh, evilmike_swamp_ruin_house_4,
          infiniplex_staircase_pool
Swamp:2:  layout_basic_swamp, nicolae_swamp_very_dense_foliage
Swamp:3:  layout_basic_swamp, gammafunk_ghost_mausoleum, lemuel_altar_in_water,
          swamp_pool3
Swamp:4:  swamp_icy, layout_basic_swamp, swamp_pool1,
          infiniplex_staircase_pool_2
Spider:1: layout_spider_delve
Spider:2: layout_spider_delve, drop_trap, uniq_arachne
Spider:3: layout_chambers, hangedman_spider_tarantella_strand
Spider:4: spider_rune_water, portal_ice_cave_entry_frozen_things, special_room
          [special_room_bee]
Orc:1:    layout_caves, guppyfry_orc_lava_fort
Orc:2:    st_orc_rangers, layout_caves, mines4_lemuel
Elf:1:    minmay_elf_arrival_plus, layout_loops_cross, minmay_elf_annihilation,
          palyth_stone_intersect, st_stairs_12, minivault_20
Elf:2:    nicolae_elf_blades_splatter_lattice
          [nicolae_blade_entry_crossed_weapons], layout_geoelf_octagon,
          nicolae_specific_store, uniq_roxanne, uniq_donald

Skill      XL: |  1  2  3  4  5  6  7  8  9 10 11 12 13 14 15 16 17 18 19 |
---------------+----------------------------------------------------------+-----
Earth Magic    | 4 5 6 7 8 9 10 11 12 13 14 | 14.2
Fighting       | 1 2 3 4 5 6 7 9 10 12 13 15 16 17 18 | 18.3
Transmutations | 1 2 3 4 5 6 7 8 9 |  9.2
Spellcasting   | 3 4 5 6 8 9 10 12 13 14 15 | 15.8
Conjurations   | 1 2 3 4 5 7 8 9 |  9.3
Long Blades    | 1 2 3 4 5 6 |  6.7
Ranged Weapons | 1 3 4 5 6 8 |  8.4
Air Magic      | 2 3 4 |  4.2
Poison Magic   | 3 4 5 |  5.1
Invocations    | 3 6 7 |  7.2
Summonings     | 3 |  3.0
Armour         | 2 6 8 10 11 | 11.5
Throwing       | 3 |  3.8
Dodging        | |  1.5
Stealth        | |  2.1
Evocations     | |  0.8

Action                   |  1- 3 |  4- 6 |  7- 9 | 10-12 | 13-15 | 16-18 | 19-21 || total
-------------------------+-------+-------+-------+-------+-------+-------+-------++-------
Melee: Unarmed           |    13 |       |       |       |       |       |       ||    13
       Dagger            |     3 |       |       |       |       |       |       ||     3
       Short sword       |     1 |     2 |       |       |       |       |       ||     3
       Long sword        |       |       |    18 |    34 |   124 |   242 |    63 ||   481
       Punch             |       |       |       |       |     2 |     8 |     1 ||    11
 Fire: Sling             |       |    17 |       |       |       |       |       ||    17
       Shortbow          |       |       |   262 |   309 |   495 |       |       ||  1066
       Arbalest          |       |       |       |       |   179 |   654 |    42 ||   875
Throw: Boomerang         |       |       |       |       |       |     2 |       ||     2
 Cast: Sandblast         |    45 |    97 |   103 |   131 |    12 |    12 |    72 ||   472
       Stone Arrow       |       |       |     4 |    39 |   268 |   174 |       ||   485
       Passwall          |       |       |       |     1 |     1 |       |       ||     2
       Mephitic Cloud    |       |       |       |     1 |       |       |       ||     1
       Iskenderun's Batt |       |       |       |       |     3 |     1 |       ||     4
Invok: Ancestor Identity |       |       |     1 |       |       |       |       ||     1
       Ancestor Life: Kn |       |       |       |     1 |       |       |       ||     1
       Recall Ancestor   |       |       |       |     6 |    11 |    20 |       ||    37
       Idealise          |       |       |       |       |       |     3 |     1 ||     4
Evoke: Wand              |       |       |     1 |       |       |       |       ||     1
  Use: Scroll            |       |     7 |     8 |    10 |    11 |    15 |       ||    51
       Potion            |       |       |       |       |       |     9 |     3 ||    12
 Stab: Sleeping          |     3 |       |       |       |       |       |       ||     3
       Distracted        |       |       |       |       |       |     4 |     1 ||     5
Armor: Robe              |    13 |     4 |       |       |       |       |       ||    17
       Leather armour    |       |    20 |    54 |       |       |       |       ||    74
       Steam dragon scal |       |       |    30 |    52 |       |       |       ||    82
       Troll leather arm |       |       |       |    45 |   200 |   311 |       ||   556
       Crystal plate arm |       |       |       |       |   322 |  1043 |   221 ||  1586
Dodge: Dodged            |    19 |    23 |    76 |   114 |   205 |   248 |     9 ||   694
Block: Other             |       |       |       |       |   134 |   279 |    34 ||   447
       Reflection        |       |       |       |       |    43 |    33 |       ||    76
